 Dungeon Crawl Stone Soup version 0.21-a0-265-gb353147 (webtiles) character file.

6682 pichaelthompson the Protected (level 10, 0/118 HPs)
             Began as a Demonspawn Berserker on Sept 11, 2017.
             Was a High Priest of Trog.
             Slain by an orc warrior
             ... wielding a +0 glaive
              (15 damage)
             ... in a bailey.
             The game lasted 00:23:42 (9315 turns).

pichaelthompson the Protected (DsBe)                Turns: 9315, Time: 00:23:43

Health: 0/118      AC: 12    Str: 24    XL:     10   Next: 73%
Magic:  0/11       EV: 10    Int:  8    God:    Trog [*****.]
Gold:   512        SH: 11    Dex: 18    Spells: 9/9 levels left

rFire    + + .     SeeInvis .   r - +3 dagger (elec)
rCold    + . .     Gourm    .   k - +0 shield
rNeg     . . .     Faith    .   L - +0 chain mail
rPois    .         Spirit   +   (helmet unavailable)
rElec    .         Reflect  .   n - +0 cloak
rCorr    .         Harm     .   (gloves unavailable)
MR       .....                  (no boots)
Stlth    ..........             (no amulet)
HPRegen  0.29/turn              d - +3 ring of dexterity
MPRegen  0.12/turn              t - ring of protection from fire

@: berserking (expiring), very quick
A: claws 3, hooves 2, horns 3, cold resistance 1, demonic guardian 1, fire
resistance 1, high mp 1, magic shield
a: Berserk, Trog's Hand, Brothers in Arms, Burn Spellbooks, Renounce Religion


You were in a bailey.
You worshipped Trog.
Trog was extremely pleased with you.
You were not hungry.

You visited 1 branch of the dungeon, and saw 9 of its levels.
You also visited: Bailey.

You collected 512 gold pieces.

Inventory:

Hand Weapons
 r - a +3 dagger of electrocution (weapon)
Armour
 a - the +1 helmet of Gozag's Generosity {rPois Dex+4, unknown}
   (You took it off Robin on level 2 of the Dungeon)

   It affects your dexterity (+4).
   It protects you from poison.
 k - a +0 shield (worn)
 n - a +0 cloak (worn)
 L - a +0 chain mail (worn)
Jewellery
 d - a +3 ring of dexterity (left claw)
 q - a +2 ring of strength
 t - a ring of protection from fire (right claw)
 w - an uncursed ring of flight
Wands
 e - a wand of confusion (18/48)
 g - a wand of random effects (27/48)
 u - a wand of confusion (30/48)
 H - a wand of disintegration (17/24)
 K - a wand of flame (43/48)
Scrolls
 h - 5 scrolls of remove curse
 i - 4 scrolls of teleportation
 B - 2 scrolls of identify
 F - a scroll of recharging
Potions
 b - 8 potions of curing
 f - 2 potions of brilliance
 o - 4 potions of flight
 p - a potion of haste
 x - a potion of cancellation
 z - 3 potions of might
 A - 2 potions of lignification
 C - 2 potions of heal wounds
 E - a potion of ambrosia
 I - 2 potions of agility
 J - a potion of resistance
 N - a potion of magic
 O - a potion of invisibility
 P - a potion of mutation
Comestibles
 c - 5 bread rations
 l - 4 meat rations
 s - 4 royal jellies
 v - 18 fruits


   Skills:
 * Level 7.3 Fighting
 + Level 5.7 Short Blades
   Level 3.6 Polearms
 * Level 9.0 Armour
 * Level 5.9 Dodging
 + Level 1.7 Stealth
 * Level 6.0 Shields


You had 9 spell levels left.
You didn't know any spells.

Dungeon Overview and Level Annotations

Branches:
Dungeon (9/15)             Temple (0/1) D:4            Lair (0/6) D:8
    Orc: D:9-12

Altars:
Ashenzari
Cheibriados
Elyvilon
Gozag
Nemelex Xobeh
Qazlal
Ru
Wu Jian
Zin

Shops:
D:8 ?


Innate Abilities, Weirdness & Mutations

You have claws for hands.
You have hoof-like feet.
You have a pair of large horns on your head.
A weak demonic guardian rushes to your aid.
When hurt, damage is shared between your health and your magic reserves.
Your flesh is cold resistant. (rC+)
Your flesh is heat resistant. (rF+)
You have an increased reservoir of magic. (+10% MP)


Message History

The orc warrior closely misses you.
Your quasit bites the orc warrior but does no damage.
Your quasit closely misses the orc warrior.
Your quasit claws the orc warrior but does no damage.
You block the orc knight's attack.
You closely miss the orc knight. You kick the orc knight!
You headbutt the orc knight.
You kill the orc knight!
Trog accepts your kill.
Your Armour skill increases to level 9!
Your Shields skill increases to level 6!
You hit the orc warrior but do no damage.
Your kick misses the orc warrior. Your headbutt misses the orc warrior.
The orc warrior is heavily wounded.
Your quasit bites the orc warrior.
Your quasit barely misses the orc warrior.
Your quasit claws the orc warrior but does no damage.
The orc hits you but does no damage.
The orc warrior hits you with a glaive!!
You die...

.....##..# #...........(....(#
......##.....##................(#
≈≈≈...(##....##.....≈≈≈≈≈.)....(#
.#≈≈..(.#######....≈≈#.#≈≈..)...#
.##≈...............≈##.##≈......#
^..≈..(............≈..^..≈......#
.##≈...............≈##.##≈......#
.#≈≈..(........o)o.≈≈#.#≈≈......#
≈≈≈...(...)....5@...≈≈≈≈≈.......#
................................#
.....................)..........#
................................#
.....................(..........#
........)............(..........#
.((.......(((........(.((.((...∩#
#################################


You could see an orc warrior, an orc and a friendly quasit.

Vanquished Creatures
  The ghost of rogsnak the Grappler, a journeyman NaTm of Hepliaklqana (Bailey)
  A hydra (D:8)
  An orc knight (Bailey)
  Joseph (D:7)
  Prince Ribbit (D:8)
  2 dream sheep (D:8)
  Sigmund (D:2)
  A wyvern (D:8)
  2 yaks (D:8)
  The ghost of zwverind the Skirmisher, an amateur DrBe of Trog (D:4)
  A steam dragon (D:8)
  An ice beast (D:5)
  The ghost of Banano the Chopper, an amateur MiMo (D:3)
  9 orc warriors
  A phantom (D:4)
  A necrophage (D:5)
  3 centaurs
  4 big kobolds (D:8)
  2 bullfrogs
  A gnoll sergeant (D:8)
  A water moccasin zombie (D:6)
  A howler monkey (D:7)
  A bullfrog zombie (D:5)
  3 crimson imps
  2 jellies
  2 quasits (D:7)
  4 orc priests
  A hound (D:7)
  5 orc wizards
  7 worker ants
  A hound skeleton (D:7)
  2 howler monkey zombies
  A worker ant zombie (D:6)
  Robin (D:2)
  9 gnolls
  13 adders
  A shadow imp (D:7)
  2 oozes
  3 worms
  2 dart slugs
  6 leopard geckos
  27 orcs
  A ball python (D:5)
  2 bats
  A giant cockroach (D:3)
  16 goblins
  17 hobgoblins
  5 jackals
  3 quokkas
  17 frilled lizards
  9 kobolds
  A leopard gecko skeleton (D:4)
  3 rats
206 creatures vanquished.

Vanquished Creatures (collateral kills)
  An orc warrior (Bailey)
  A bullfrog (D:4)
  4 orcs (Bailey)
  A kobold (D:8)
  A quokka skeleton (D:4)
8 creatures vanquished.

Grand Total: 214 creatures vanquished

Notes
Turn   | Place    | Note
-------+----------+-------------------------------------------
     0 | D:1      | pichaelthompson the Demonspawn Berserker began the quest for the Orb.
     0 | D:1      | Reached XP level 1. HP: 18/18 MP: 1/1
     2 | D:1      | Noticed a tengu
     2 | D:1      | Noticed a troll
     4 | D:1      | Noticed an octopode
     4 | D:1      | Noticed a dwarf
     8 | D:1      | Noticed a spriggan
     8 | D:1      | Noticed a felid
    10 | D:1      | Noticed a vampire
    10 | D:1      | Noticed a human
    12 | D:1      | Noticed a demigod
    14 | D:1      | Noticed a formicid
    14 | D:1      | Noticed a naga
    17 | D:1      | Noticed a centaur
    17 | D:1      | Noticed a draconian
    19 | D:1      | Noticed a ghoul
    19 | D:1      | Noticed a vine stalker
    21 | D:1      | Noticed a demonspawn
    21 | D:1      | Noticed a merfolk
    23 | D:1      | Noticed an elf
    25 | D:1      | Noticed a halfling
    25 | D:1      | Noticed a gargoyle
    27 | D:1      | Noticed an ogre
    27 | D:1      | Noticed a minotaur
   407 | D:1      | Reached skill level 2 in Armour
   409 | D:1      | Gained mutation: You have large cloven feet. [demonic ancestry]
   409 | D:1      | Reached XP level 2. HP: 24/24 MP: 2/2
   870 | D:1      | Gained mutation: When hurt, damage is shared between your health and your magic reserves. [demonic ancestry]
   870 | D:1      | Reached XP level 3. HP: 24/29 MP: 3/3
  1301 | D:2      | Reached ** piety under Trog
  1417 | D:2      | Noticed Sigmund
  1428 | D:2      | Killed Sigmund
  1428 | D:2      | Reached skill level 3 in Armour
  1428 | D:2      | Gained mutation: A weak demonic guardian rushes to your aid. [demonic ancestry]
  1428 | D:2      | Reached XP level 4. HP: 22/38 MP: 1/4
  1428 | D:2      | Gained mutation: You have a pair of small horns on your head. [demonic ancestry]
  1428 | D:2      | Reached XP level 5. HP: 24/43 MP: 1/5
  1606 | D:2      | Found a sparkling altar of Nemelex Xobeh.
  1896 | D:2      | Noticed Robin
  1910 | D:2      | Killed Robin
  1932 | D:2      | Got a dazzling helmet
  1945 | D:2      | Found a glowing silver altar of Zin.
  2012 | D:2      | Gained mutation: You have sharp fingernails. [demonic ancestry]
  2012 | D:2      | Reached XP level 6. HP: 32/50 MP: 6/6
  2383 | D:3      | Noticed Banano's ghost (amateur MiMo)
  2390 | D:3      | Killed Banano's ghost
  2390 | D:3      | Reached skill level 5 in Fighting
  2539 | D:3      | Reached *** piety under Trog
  2539 | D:3      | Reached skill level 4 in Armour
  2549 | D:3      | Found an opulent altar of Gozag.
  2551 | D:3      | Found an ornate altar of the Wu Jian Council.
  2657 | D:3      | Found a snail-covered altar of Cheibriados.
  2675 | D:3      | Found a faded altar of an unknown god.
  2949 | D:3      | Found a stormy altar of Qazlal.
  3253 | D:4      | Gained mutation: You have very sharp fingernails. [demonic ancestry]
  3253 | D:4      | Reached XP level 7. HP: 53/56 MP: 5/7
  3295 | D:4      | Found a staircase to the Ecumenical Temple.
  3377 | D:4      | Noticed zwverind's ghost (amateur DrBe)
  3383 | D:4      | Killed zwverind's ghost
  3383 | D:4      | Reached skill level 1 in Short Blades
  3440 | D:4      | Reached skill level 5 in Armour
  3440 | D:4      | Reached skill level 1 in Shields
  3803 | D:5      | Entered Level 5 of the Dungeon
  3803 | D:5      | Found a stormy altar of Qazlal.
  4018 | D:5      | Gained mutation: You have a pair of horns on your head. [demonic ancestry]
  4018 | D:5      | Reached XP level 8. HP: 50/63 MP: 8/8
  4161 | D:5      | Gained mutation: Your muscles are strong. (Str +2) [potion of mutation]
  4161 | D:5      | Gained mutation: Your flesh is heat resistant. (rF+) [potion of mutation]
  4162 | D:5      | Lost mutation: Your muscles are strong. (Str +2) [potion of mutation]
  4162 | D:5      | Lost mutation: Your flesh is heat resistant. (rF+) [potion of mutation]
  4162 | D:5      | Gained mutation: Your flesh is heat resistant. (rF+) [potion of mutation]
  4162 | D:5      | Gained mutation: You have an increased reservoir of magic. (+10% MP) [potion of mutation]
  4162 | D:5      | Gained mutation: Your flesh is cold resistant. (rC+) [potion of mutation]
  4162 | D:5      | Gained mutation: You have a pair of large horns on your head. [potion of mutation]
  4710 | D:6      | Got a distressingly furry robe
  4721 | D:6      | Identified the cursed +0 robe "Ubraegou" {Str+2 Stlth+} (You found it on level 6 of the Dungeon)
  5000 | D:6      | Reached skill level 6 in Armour
  5171 | D:6      | Reached **** piety under Trog
  5845 | D:7      | Noticed Joseph
  5854 | D:7      | Killed Joseph
  5854 | D:7      | Reached skill level 7 in Armour
  5854 | D:7      | Reached skill level 1 in Stealth
  5854 | D:7      | Gained mutation: You have claws for hands. [demonic ancestry]
  5854 | D:7      | Reached XP level 9. HP: 69/69 MP: 7/9
  5986 | D:7      | Found a sacrificial altar of Ru.
  6249 | D:7      | Got an opalescent robe
  6275 | D:7      | Identified the cursed +0 robe "Loutuamirph" {rElec rPois Str+3} (You found it on level 7 of the Dungeon)
  6536 | D:7      | Found a shattered altar of Ashenzari.
  7108 | D:8      | Found Daonenaj's Magic Scroll Shoppe.
  7141 | D:8      | Noticed Prince Ribbit
  7158 | D:8      | Killed Prince Ribbit
  7184 | D:8      | Found a staircase to the Lair.
  7433 | D:8      | Found a white marble altar of Elyvilon.
  7529 | D:8      | Reached ***** piety under Trog
  7638 | D:8      | Reached skill level 5 in Short Blades
  7643 | D:8      | Reached skill level 8 in Armour
  7648 | D:8      | Reached skill level 5 in Dodging
  7655 | D:8      | Gained mutation: You have hoof-like feet. [demonic ancestry]
  7655 | D:8      | Reached XP level 10. HP: 69/77 MP: 11/11
  7691 | D:8      | Noticed a three-headed hydra
  7699 | D:8      | Killed a three-headed hydra
  7997 | D:9      | Found a flagged portal.
  8010 | Bailey   | Entered a bailey
  9129 | Bailey   | Reached skill level 5 in Shields
  9236 | Bailey   | Noticed rogsnak's ghost (journeyman NaTm)
  9250 | Bailey   | Killed rogsnak's ghost
  9255 | Bailey   | Noticed an orc knight
  9314 | Bailey   | Killed an orc knight
  9314 | Bailey   | Reached skill level 9 in Armour
  9315 | Bailey   | Slain by an orc warrior

Vault maps used:
D:1:      kb_arrival_jail, minmay_lizard_pond
D:2:      cheibrodos_greedy_goblins, nicolae_overflow_crystal_walls,
          nemelex_xobeh_ov_fountains_minmay, first_bread, uniq_robin,
          uniq_sigmund
D:3:      lemuel_crystal_altar, overflow_temple_1_default,
          lemuel_coloured_pillars_altar, chequers_ecumenical_altar_island,
          nicolae_gozag_seed_capital
D:4:      minmay_temple_entry_butterflies
D:5:      hangedman_decor_peaks_small, nicolae_qazlal_general_emergency
D:6:      kennysheep_generic_room_9
D:7:      marbit_many_paths, nicolae_ru_great_annihilating_truth, uniq_joseph
D:8:      lemuel_crystal_altar, lair_entry_dummy, serial_shops, shop,
          hangedman_ranch, uniq_prince_ribbit1
D:9:      basic_altar, enter_bailey_2
Bailey:   bailey_polearm_2, bailey

Skill      XL: |  1  2  3  4  5  6  7  8  9 10 |
---------------+-------------------------------+-----
Armour         | 2 3 4 5 7 8 9 |  9.0
Polearms       | 3 |  3.6
Dodging        | 2 3 4 5 |  5.9
Fighting       | 4 5 6 7 |  7.3
Short Blades   | 2 4 5 |  5.7
Shields        | 1 2 4 6 |  6.0
Stealth        | 1 |  1.7

Action                   |  1- 3 |  4- 6 |  7- 9 | 10-12 || total
-------------------------+-------+-------+-------+-------++-------
Melee: Spear             |    87 |     4 |       |       ||    91
       Kick              |    14 |    27 |    88 |    35 ||   164
       Dagger            |       |   108 |   271 |    91 ||   470
       Headbutt          |       |    21 |    68 |    19 ||   108
Invok: Berserk           |     2 |     2 |     7 |     4 ||    15
       Burn Spellbooks   |       |     1 |     1 |       ||     2
  Use: Scroll            |       |     5 |    12 |     8 ||    25
       Potion            |       |       |     2 |       ||     2
 Stab: Distracted        |       |       |     1 |     1 ||     2
       Paralysed         |       |       |     1 |       ||     1
  Eat: Chunk             |     2 |     9 |    18 |     8 ||    37
       Royal jelly       |       |       |     1 |     1 ||     2
Armor: Plate armour      |    32 |    67 |    53 |       ||   152
       Animal skin       |     1 |       |       |       ||     1
       Chain mail        |       |       |    65 |    36 ||   101
Dodge: Dodged            |    21 |    29 |    48 |    48 ||   146
Block: Shield            |       |     4 |    94 |    99 ||   197

Table legend:
 A = Spawn XP
 B = Non-spawn XP
 C = Spawn XP percentage of total XP
 D = Spawn monster count
 E = Non-spawn monster count
 F = Spawn count percentage of total count
 G = Total turns spent on level
                    A         B        C        D         E        F      G
               +---------+---------+-------+---------+---------+-------+---------
         Total |       0 |    9547 |   0.0 |       0 |     214 |   0.0 |  9315
               +---------+---------+-------+---------+---------+-------+---------
           D:1 |       0 |      41 |   0.0 |       0 |      21 |   0.0 |   940
           D:2 |       0 |     342 |   0.0 |       0 |      38 |   0.0 |  1437
           D:3 |       0 |     273 |   0.0 |       0 |      28 |   0.0 |   787
           D:4 |       0 |     503 |   0.0 |       0 |      14 |   0.0 |   639
           D:5 |       0 |     621 |   0.0 |       0 |      13 |   0.0 |   865
           D:6 |       0 |     467 |   0.0 |       0 |      11 |   0.0 |   841
           D:7 |       0 |    1232 |   0.0 |       0 |      26 |   0.0 |  1167
           D:8 |       0 |    3108 |   0.0 |       0 |      37 |   0.0 |  1266
           D:9 |       0 |     101 |   0.0 |       0 |       3 |   0.0 |    68
        Bailey |       0 |    2859 |   0.0 |       0 |      23 |   0.0 |  1305
               +---------+---------+-------+---------+---------+-------+---------
